 Dungeon Crawl Stone Soup version 0.29.1-15-g9cfb28693d (webtiles) character file.

Game seed: 10192351832670797430

150 hawla the Firebug (level 5, 0/33 (38) HPs)
             Began as a Meteoran Fire Elementalist on Feb 21, 2023.
             Slain by a wight
             ... wielding a +3 flail
              (3 damage)
             ... on level 4 of the Dungeon.
             The game lasted 00:04:26 (574 turns).

hawla the Firebug (Meteoran Fire Elementalist)       Turns: 574, Time: 00:04:26

HP:   0/33 (38)     AC:  3    Str: 10    XL:     5   Next: 90%
MP:   4/11          EV: 13    Int: 18    God:
Gold: 127           SH:  0    Dex: 14    Spells: 4/11 levels left

rFire   . . .      SeeInvis .   (no weapon)
rCold   + . .      Faith    .   (no shield)
rNeg    . . .      Spirit   .   a - +0 robe
rPois   .          Reflect  .   (no helmet)
rElec   .          Harm     .   (no cloak)
rCorr   .          Rampage  .   f - +0 pair of gloves
Will    .....                   (no boots)
Stlth   +.........              (no amulet)
HPRegen 0.11/turn               i - ring of protection from cold
MPRegen 0.12/turn               (no ring)

@: glowing, heavily drained
A: sense surroundings 1, otherworldly, glowing, explore regen
a: no special abilities


You were on level 4 of the Dungeon.
You visited 1 branch of the dungeon, and saw 4 of its levels.

You collected 127 gold pieces.

Inventory:

Armour
 a - a +0 robe (worn)
 f - a +0 pair of gloves (worn)
Jewellery
 i - a ring of protection from cold (left hand)
 j - an amulet of reflection
Scrolls
 d - a scroll of poison
Potions
 b - a potion of magic
 c - 3 potions of mutation {unknown}
 e - a potion of brilliance {unknown}
 g - a potion of attraction {unknown}
 h - a potion of degeneration {unknown}


   Skills:
 - Level 3.0 Dodging
 - Level 1.4 Stealth
 - Level 3.8 Spellcasting
 + Level 3.6 Conjurations
 - Level 5.0 Fire Magic


You had 4 spell levels left.
You knew the following spells:

 Your Spells              Type           Power      Damage    Failure   Level
a - Foxfire               Conj/Fire      76%        2x1d7     2%          1
b - Scorch                Fire           42%        2d7       2%          2
c - Flame Wave            Conj/Fire      19%        2d7       26%         4

Your spell library contained the following spells:

 Spells                   Type           Power      Damage    Failure   Level
 Conjure Flame            Conj/Fire      19%        6-21      8%          3
 Slow                     Hex            12%        N/A       16%         1
 Inner Flame              Hex/Fire       12%        N/A       16%         3
 Confusing Touch          Hex            3%         N/A       41%         3
 Vampiric Draining        Necr           3%         2d6       41%         3


Dungeon Overview and Level Annotations

Branches:
Dungeon (4/15) Zot: 1827
 Temple: D:4-7

Altars:


Innate Abilities, Weirdness & Mutations

You passively map a small area around you.
You are easily found by Zot.
You glow in the dark.
You regain HP and MP as you explore.


Message History

The wight's fire resistance burns away.
The foxfire hits the wight.
The wight is burned terribly!
The wight is almost destroyed.
The foxfire hits the wight.
The wight is almost destroyed.
A wight comes into view. It is wielding a +3 flail.
Casting: Scorch (safe; 2% risk of failure)
Confirm with . or Enter, or press ? or * to list all spells.
The spell is extremely dangerous to miscast (32% risk of failure)!
Continue anyway?
Casting: Flame Wave (extremely dangerous; 32% risk of failure)
Press: ? - help, Dir - look around, f - activate A wave of flame ripples out!
The flame wave engulfs the wight.
The wight is burned terribly!
You destroy the wight! (Press . to intensify the flame waves.)
Your Conjurations skill increases to level 3!
A wave of flame ripples out!
The flame wave engulfs the wight.
The wight is lightly damaged.
A wight comes into view. It is wielding a +3 spear of freezing.
A wave of flame ripples out!
The flame wave engulfs the wight!
The wight is heavily damaged.
The flame wave engulfs the wight.
The wight is moderately damaged.
You finish channelling waves of flame.
The wight hits you with a +3 flail!
You feel drained.
A wight comes into view. It is wielding a +0 war axe.
Okay, then.
The wight closely misses you.
Found a book of Alchemy.
A wight comes into view. It is wielding a +4 mace.
The wight attacks as you move away! The wight hits you with a +3 flail!
The wight hits you with a +4 mace.
You feel drained. The wight attacks as you move away!
The wight closely misses you. The wight attacks as you move away!
The wight hits you with a +4 mace.
You feel drained. The wight attacks as you move away!
The wight closely misses you. The wight attacks as you move away!
The wight hits you with a +3 flail!
* * * LOW HITPOINT WARNING * * *
You feel drained.
You die...

## #.## * #@##
###
##z#########.####
*
##zz.......#...#
*
#.....###)###..#
, #......##.##
##.##
.....:.....# *
##.#
#.........##..
,##...
............, ..
#....
##.........##
....####


You could see 3 wights.

Vanquished Creatures
  A scorpion (D:4)
  A wight (D:4)
  2 adders
  A worm (D:2)
  A bat (D:3)
  2 giant cockroaches
  A hobgoblin (D:4)
  2 kobolds
  A quokka (D:4)
  2 ball pythons (D:4)
  A frilled lizard (D:2)
  4 rats (D:1)
19 creatures vanquished.

Vanquished Creatures (others)
  37 foxfires
37 creatures vanquished.

Grand Total: 56 creatures vanquished

Notes
Turn   | Place    | Note
-------+----------+-------------------------------------------
     0 | D:1      | hawla the Meteoran Fire Elementalist began the quest for
                  | the Orb.
     0 | D:1      | Reached XP level 1. HP: 14/14 MP: 5/5
   189 | D:1      | Reached XP level 2. HP: 20/20 MP: 4/6
   194 | D:1      | Learned a level 2 spell: Scorch
   315 | D:2      | Reached skill level 4 in Fire Magic
   369 | D:3      | Reached XP level 3. HP: 26/26 MP: 0/8
   393 | D:4      | Noticed a scorpion
   402 | D:4      | Killed a scorpion
   403 | D:4      | Reached skill level 5 in Fire Magic
   403 | D:4      | Reached XP level 4. HP: 25/33 MP: 0/10
   403 | D:4      | Reached XP level 5. HP: 29/38 MP: 0/11
   408 | D:4      | Learned a level 4 spell: Flame Wave
   574 | D:4      | Slain by a wight

Illustrated notes

Levels and vault maps discovered:
D:1:      dpeg_arrival_round_b, layout_loops_ring,
          shapermc_ecumenical_altar_totnotflames
D:2:      layout_basic, uniq_sigmund, uniq_robin
D:3:      layout_rooms, nemelex_altar_shiori, ebering_ghost_sewer_f,
          serial_corexii_hall, chequers_hall_statues_wall_a,
          corexii_hall_statues_s, corexii_hall_statues_i,
          corexii_hall_statues_deadend, corexii_hall_statues_t,
          chequers_hall_statues_y, uniq_grinder
D:4:      layout_loops_ring, nicolae_sif_muna_condensation

Skill      XL: |  1  2  3  4  5 |
---------------+----------------+-----
Fire Magic     | 4 5 |  5.0
Spellcasting   | 3 |  3.8
Dodging        | 3 |  3.0
Conjurations   | 3 |  3.6
Stealth        | |  1.4

Action                   |  1- 3 |  4- 6 || total
-------------------------+-------+-------++-------
Melee: Unarmed           |     7 |       ||     7
 Cast: Foxfire           |    18 |     5 ||    23
       Scorch            |     5 |     3 ||     8
       Flame Wave        |       |     1 ||     1
  Use: Scroll            |     1 |       ||     1
Armor: Robe              |     1 |     1 ||     2
Dodge: Dodged            |     8 |     5 ||    13
